[Event "Titled Tuesday Blitz November 22 Late 2022"]
[White "Pan, Kevin"]
[Black "Sabuk, Piotr"]
[WhiteFideId "30915708"]
[BlackFideId "1137565"]
[WhiteElo "2442"]
[BlackElo "2655"]
[Result "1-0"]
[Round "03"]
[TimeControl "180+1"]
[Date "2022.11.23"]
[WhiteClock "0:00:25"]
[BlackClock "0:00:14"]

1. e4 c6 2. d4 d5 3. Nc3 dxe4 4. Nxe4 Nf6 5. Nxf6+ exf6 6. c3 Bd6 7. Bd3 Na6 8. Ne2 Nc7 9. O-O Nd5 10. c4 Ne7 11. Qc2 h5 12. h3 Kf8 13. Be3 g6 14. Rae1 Kg7 15. Nc3 Nf5 16. Ne4 Be7 17. Qc3 h4 18. Bc2 Be6 19. Rd1 Kh7 20. d5 cxd5 21. cxd5 Nxe3 22. fxe3 Bf5 23. d6 Bxe4 24. Bxe4 Bxd6 25. Rxf6 Be5 26. Rxd8 Bxc3 27. Rxh8+ Kxh8 28. bxc3 Kg7 29. Rd6 Re8 30. Bxb7 Rxe3 31. c4 Re2 32. a4 Rc2 33. Bd5 f5 34. Rd7+ Kf6 35. Rxa7 Ke5 36. Re7+ Kf4 37. Kf1 g5 38. Re2 Rc1+ 39. Kf2 g4 40. hxg4 fxg4 41. Re4+ Kf5 42. Ke3 Ra1 43. Be6+ Kf6 44. Bxg4 Rxa4 45. Be2 Ra3+ 46. Kd4 h3 47. gxh3 Rxh3 48. c5 Ra3 49. Bb5 Rb3 50. Kc4 Rb1 51. c6 Kf5 52. Rd4 Ke5 53. Rd3 Rc1+ 54. Rc3 Rg1 55. Kc5 Rg8 56. Re3+ Kf6 57. c7 Rc8 58. Kc6 1-0


[Site "https://www.chess.com"]

[Event "Titled Tuesday Blitz November 22 Late 2022"]
[White "Papasimakopoulos, Alexandros"]
[Black "Pranav, V"]
[WhiteFideId "4244125"]
[BlackFideId "25060783"]
[WhiteElo "2365"]
[BlackElo "2430"]
[Result "0-1"]
[Round "03"]
[TimeControl "180+1"]
[Date "2022.11.22"]
[WhiteClock "0:01:16"]
[BlackClock "0:01:27"]

1. d4 Nf6 2. c4 e6 3. Nc3 Bb4 4. Qc2 O-O 5. a3 Bxc3+ 6. Qxc3 Ne4 7. Qc2 f5 8. Nh3 b6 9. f3 Nf6 10. e3 Bb7 11. Be2 d6 12. O-O Nbd7 13. b4 Qe7 14. Bb2 c5 15. Rfe1 Rac8 16. Qd2 Rfd8 17. Bf1 Nf8 18. Nf4 e5 19. Nh3 Ne6 20. d5 Nf8 21. bxc5 Rxc5 22. a4 Ba6 23. Qb4 Rdc8 24. Rec1 Qc7 25. a5 bxa5 26. Qa3 Bxc4 27. Bxc4 Rxc4 28. Rxc4 Qxc4 29. Qxd6 Qe2 30. Bxe5 Rc2 31. Nf4 Qxe3+ 32. Kh1 Rc1+ 33. Rxc1 Qxc1# 0-1


[Site "https://www.chess.com"]

[Event "Titled Tuesday Blitz November 22 Late 2022"]
[White "Paravyan, David"]
[Black "Trent, Lawrence"]
[WhiteFideId "4194985"]
[BlackFideId "408638"]
[WhiteElo "3090"]
[BlackElo "2559"]
[Result "1-0"]
[Round "03"]
[TimeControl "180+1"]
[Date "2022.11.23"]
[WhiteClock "0:00:48"]
[BlackClock "0:00:44"]

1. e4 c5 2. Nf3 Nc6 3. Nc3 g6 4. d4 cxd4 5. Nxd4 Bg7 6. Be3 d6 7. Qd2 Nf6 8. f3 O-O 9. Bc4 Bd7 10. O-O-O Rc8 11. Be2 Ne5 12. Kb1 Nc4 13. Bxc4 Rxc4 14. g4 b5 15. b3 Rc8 16. Ncxb5 a6 17. Nc3 Qc7 18. Nde2 Qb8 19. g5 Nh5 20. Bd4 a5 21. Nd5 Rfe8 22. Ng3 a4 23. Nxh5 gxh5 24. Bxg7 Kxg7 25. Qd4+ Kg8 26. Rhg1 axb3 27. cxb3 Be6 28. Rc1 Qb7 29. Rxc8 Rxc8 30. Rc1 Rxc1+ 31. Kxc1 Bxd5 32. exd5 Qa6 33. a4 Qf1+ 34. Kc2 Qxf3 35. a5 Qg2+ 36. Qd2 Qe4+ 37. Kb2 e6 38. a6 exd5 39. a7 d4 40. Qa5 Qg2+ 41. Ka3 Qa8 42. Qb6 Kg7 43. Qxd4+ Kg6 44. Qf6# 1-0


[Site "https://www.chess.com"]

[Event "Titled Tuesday Blitz November 22 Late 2022"]
[White "Petrovic, Aleksa"]
[Black "Djordjevic, Vuk"]
[WhiteFideId "967629"]
[BlackFideId "902098"]
[WhiteElo "2495"]
[BlackElo "2791"]
[Result "0-1"]
[Round "03"]
[TimeControl "180+1"]
[Date "2022.11.23"]
[WhiteClock "0:00:45"]
[BlackClock "0:00:35"]

1. d4 Nf6 2. c4 e6 3. Nf3 b6 4. g3 Ba6 5. Qa4 c5 6. Bg2 Bb7 7. dxc5 Bxc5 8. O-O O-O 9. Nc3 Na6 10. Rd1 Qc8 11. Bf4 Rd8 12. a3 Be7 13. Rac1 Nc5 14. Qc2 Nce4 15. b4 Nxc3 16. Qxc3 a5 17. Qb3 axb4 18. axb4 Be4 19. Bd6 Bxd6 20. Rxd6 Qc7 21. Rcd1 Bd5 22. R6xd5 exd5 23. cxd5 Rdc8 24. d6 Qc3 25. Qxc3 Rxc3 26. Nd4 Rac8 27. e4 Rc1 28. Rf1 Rxf1+ 29. Kxf1 Rc4 30. Nf5 Nxe4 31. Ne3 Rxb4 0-1


[Site "https://www.chess.com"]

[Event "Titled Tuesday Blitz November 22 Late 2022"]
[White "Piesik, Piotr"]
[Black "Przybylski, Wojciech"]
[WhiteFideId "1136194"]
[BlackFideId "1117599"]
[WhiteElo "2693"]
[BlackElo "2465"]
[Result "1-0"]
[Round "03"]
[TimeControl "180+1"]
[Date "2022.11.23"]
[WhiteClock "0:00:18"]
[BlackClock "0:00:05"]

1. Nf3 Nf6 2. g3 b6 3. Bg2 Bb7 4. O-O e6 5. c4 Be7 6. Nc3 O-O 7. d3 d5 8. cxd5 Nxd5 9. e4 Nf6 10. Bg5 c5 11. Ne5 Nbd7 12. Nc4 Rb8 13. Bf4 Ra8 14. d4 cxd4 15. Qxd4 Nc5 16. Qe3 Qc8 17. Nd6 Bxd6 18. Bxd6 Rd8 19. e5 Bxg2 20. Kxg2 Qb7+ 21. Kg1 Nfe4 22. Nb5 a6 23. Nc7 Rac8 24. Rfd1 Nxd6 25. exd6 Ne4 26. Qf4 h6 27. Rac1 Ng5 28. Kf1 Qh1+ 29. Ke2 Qg2 30. h4 e5 31. Qe3 Ne6 32. Nxe6 fxe6 33. Qxe5 Qh3 34. Rxc8 Rxc8 35. d7 Rd8 36. Qc7 Qg4+ 37. f3 1-0


[Site "https://www.chess.com"]

[Event "Titled Tuesday Blitz November 22 Late 2022"]
[White "Polster, Christian"]
[Black "Aggelis, Nikolaos"]
[WhiteFideId "12965081"]
[BlackFideId "4213220"]
[WhiteElo "2209"]
[BlackElo "2189"]
[Result "0-1"]
[Round "03"]
[TimeControl "180+1"]
[Date "2022.11.23"]
[WhiteClock "0:00:04"]
[BlackClock "0:00:04"]

1. e4 c6 2. d4 d5 3. Nc3 dxe4 4. Nxe4 Bf5 5. Ng3 Bg6 6. h4 h6 7. Nf3 Nd7 8. h5 Bh7 9. Bd3 Bxd3 10. Qxd3 Ngf6 11. Bf4 e6 12. O-O-O Qa5 13. Kb1 Nd5 14. Bd2 Qc7 15. Ne2 Be7 16. g4 O-O-O 17. a3 Rhe8 18. c4 N5f6 19. g5 hxg5 20. Nxg5 Ne5 21. Qc2 Neg4 22. Nxf7 Nxf2 23. Nxd8 Qxd8 24. h6 gxh6 25. Rxh6 Nxd1 26. Qxd1 Bf8 27. Rh3 Ne4 28. Bf4 Bd6 29. Re3 Nf2 30. Qg1 Bxf4 31. Nxf4 Qxd4 32. Qxf2 Rf8 33. Rf3 Qxc4 34. Nxe6 Rxf3 35. Qxf3 Qxe6 36. Qd3 Kc7 37. Kc2 Qd6 38. Qh7+ Qd7 39. Qh2+ Qd6 40. Qh7+ Kb6 41. Qf5 a5 42. Qf3 Qd5 43. Qh3 Qd6 44. Qh7 Qe5 45. Kc1 Qd5 46. Kc2 Qc4+ 47. Kb1 a4 48. Ka1 Ka6 49. Kb1 Qe2 50. Ka1 Kb6 51. Kb1 Qd1+ 52. Ka2 Qd5+ 53. Kb1 c5 54. Qg6+ Qc6 55. Qd3 Qe6 56. Qc3 Qb3 57. Qf6+ Kb5 58. Qf1+ Qc4 59. Qf5 Qd4 60. Qf7 Qd3+ 61. Ka1 Qd1+ 62. Ka2 Qh1 63. Qe7 Qd5+ 64. Kb1 Kb6 65. Qe3 Qd4 66. Qe6+ Kb5 67. Qe2+ Qc4 68. Qe8+ Kb6 69. Qd8+ Ka6 70. Qd6+ Ka7 71. Qc7 Qf1+ 72. Ka2 Qb5 73. Qd8 c4 74. Qd4+ Ka6 75. Qd6+ b6 76. Qb8 Qb3+ 77. Kb1 Qd3+ 78. Ka2 Qb3+ 79. Kb1 c3 80. Qa8+ Kb5 81. Qe8+ Kc5 82. Qe7+ Kd4 83. Qf6+ Kd3 84. Qf3+ Kc4 85. Qe4+ Kb5 86. Qe8+ Kc5 87. Qe6 Qxe6 0-1


[Site "https://www.chess.com"]

[Event "Titled Tuesday Blitz November 22 Late 2022"]
[White "Principe, Gerson"]
[Black "Sabar, Ethmane Daouda"]
[WhiteFideId "3804550"]
[BlackFideId "19600097"]
[WhiteElo "2280"]
[BlackElo "1950"]
[Result "1-0"]
[Round "03"]
[TimeControl "180+1"]
[Date "2022.11.23"]
[WhiteClock "0:00:09"]
[BlackClock "0:00:01"]

1. d4 d5 2. Nf3 Nf6 3. c4 dxc4 4. e3 a6 5. Bxc4 b5 6. Be2 Bb7 7. O-O e6 8. a4 c6 9. Nbd2 Nbd7 10. Nb3 Rc8 11. Bd2 Bd6 12. Ba5 Qe7 13. Qd2 Ne4 14. Qc2 c5 15. dxc5 Ndxc5 16. axb5 O-O 17. bxa6 Nxa6 18. Qb1 Nb4 19. Bxb4 Bxb4 20. Nbd4 Bd5 21. Bd3 f5 22. Rc1 g5 23. Rxc8 Rxc8 24. Qd1 g4 25. Ne5 Qf6 26. f4 gxf3 27. Nexf3 Qh6 28. Qe2 Rc7 29. Rf1 Rg7 30. Bc4 Nf6 31. Bxd5 Nxd5 32. Re1 Bc5 33. b3 Qg6 34. g3 h5 35. Kh1 e5 36. e4 fxe4 37. Nxe5 1-0


[Site "https://www.chess.com"]

[Event "Titled Tuesday Blitz November 22 Late 2022"]
[White "Rasulov, Vugar"]
[Black "Banzea, Alexandru-Bogdan"]
[WhiteFideId "13402390"]
[BlackFideId "1232622"]
[WhiteElo "2509"]
[BlackElo "2294"]
[Result "0-1"]
[Round "03"]
[TimeControl "180+1"]
[Date "2022.11.22"]
[WhiteClock "0:00:06"]
[BlackClock "0:00:14"]

1. e4 d5 2. exd5 c6 3. c4 cxd5 4. d4 Nf6 5. Nc3 Nc6 6. Bg5 Ne4 7. cxd5 Nxc3 8. bxc3 Qxd5 9. Nf3 Bg4 10. Be3 Bxf3 11. Qxf3 Qxf3 12. gxf3 e6 13. f4 Be7 14. Rb1 b6 15. f5 O-O 16. fxe6 fxe6 17. Bc4 Kh8 18. Bxe6 Bf6 19. Bd5 Rac8 20. Ke2 Rfd8 21. Bxc6 Rxc6 22. Kd3 Rdc8 23. Rhc1 Kg8 24. c4 Kf7 25. d5 R6c7 26. a4 Be7 27. a5 bxa5 28. Rb5 Ba3 29. Rc2 Bb4 30. c5 a6 31. Rxb4 axb4 32. Kc4 a5 33. Ra2 Ra8 34. c6 Rcc8 35. Bc5 Rcb8 36. c7 Rc8 37. d6 Ke6 38. f4 Kd7 39. Kd5 b3 40. Rg2 Rg8 41. f5 a4 42. Ba3 Ra5+ 43. Ke4 Rb5 44. f6 Re8+ 45. Kd4 gxf6 46. Rg7+ Kc6 47. d7 Rd5+ 48. Kc4 Rxd7 49. Rg3 Re4+ 50. Kc3 Rxc7 51. Kd3 Re6 52. Rg4 Kb5 53. Rb4+ Ka5 54. Rb8 Re5 55. Ra8+ Kb5 56. Rb8+ Kc6 57. Ra8 Rd5+ 58. Kc4 Rd1 59. Rxa4 Kb6+ 60. Kxb3 Rd3+ 61. Kb2 Rh3 62. Rf4 Rxh2+ 63. Kb3 Rh3+ 64. Kb4 Rc6 65. Bb2 h5 66. Bd4+ Kb7 67. Rf5 Rh4 68. Rd5 Kc7 69. Kb5 Rd6 70. Rc5+ Kd7 71. Bf2 Rh3 72. Rf5 Ke6 73. Rf4 Rd5+ 74. Kc4 Rf5 75. Re4+ Re5 76. Rf4 Rh1 77. Bd4 Rf5 78. Re4+ Kf7 79. Re2 Rhf1 80. Ra2 Kg6 81. Rg2+ Rg5 82. Ra2 h4 83. Ra8 Rh5 84. Rg8+ Kf7 85. Rg2 h3 86. Rh2 Rf4 87. Kd3 Rd5 88. Ke3 Rdxd4 89. Rxh3 Rde4+ 90. Kd3 Rh4 91. Rg3 Reg4 92. Rf3 Rf4 93. Rg3 f5 94. Ke3 Re4+ 95. Kd3 Ra4 96. Rg1 Rh3+ 97. Kc2 Ra2+ 98. Kb1 Rf2 99. Rc1 Kg6 100. Rg1+ Kf6 101. Kc1 Rfh2 102. Rg8 Ke5 103. Re8+ Kf4 104. Ra8 Re3 105. Kd1 Kf3 106. Rg8 f4 107. Rc8 Ra3 108. Rc1 Rh1+ 0-1


[Site "https://www.chess.com"]

[Event "Titled Tuesday Blitz November 22 Late 2022"]
[White "Riff, Vincent"]
[Black "Gareyev, Timur"]
[WhiteFideId "617776"]
[BlackFideId "14200937"]
[WhiteElo "2608"]
[BlackElo "2808"]
[Result "1/2-1/2"]
[Round "03"]
[TimeControl "180+1"]
[Date "2022.11.23"]
[WhiteClock "0:00:30"]
[BlackClock "0:00:18"]

1. Nf3 d6 2. d4 Bf5 3. g3 Nf6 4. Bg2 c6 5. O-O h6 6. Re1 e6 7. Nc3 d5 8. a3 Be7 9. Bf4 Nbd7 10. Ne5 O-O 11. Qd2 Rc8 12. Nxd7 Qxd7 13. h3 Rfd8 14. Be5 Qe8 15. Bxf6 Bxf6 16. b4 e5 17. e4 dxe4 18. Nxe4 Bxe4 19. Bxe4 Rxd4 20. Qe2 Rcd8 21. Rad1 g6 22. Rxd4 Rxd4 23. Rd1 Qe6 24. Rxd4 exd4 25. Qg4 Qe7 26. Bd3 h5 27. Qc8+ Kg7 28. h4 Be5 29. Kg2 Bd6 30. Kf1 a6 31. Kg2 Be5 32. Kf1 Bd6 33. Kg2 c5 34. bxc5 Bxc5 35. a4 Bb4 36. Qc4 Bc5 37. Qd5 a5 38. Be4 b6 39. Bd3 Qf6 40. Qf3 Qe7 41. Qd5 Qc7 42. Bc4 Qe7 43. Bb3 Qf6 44. Qf3 Qe7 45. Qd5 Qc7 46. Qf3 Bd6 47. Qd5 Be5 48. Qf3 Bf6 49. Qd5 Qe7 50. Qc4 Qe4+ 51. Kg1 Qe1+ 52. Kg2 Qe4+ 53. Kg1 Qb7 54. Qd5 Qc7 55. Kg2 Be5 56. Qf3 Bd6 57. Qd5 Bc5 58. Qf3 Qe7 59. Qd5 1/2-1/2


[Site "https://www.chess.com"]

[Event "Titled Tuesday Blitz November 22 Late 2022"]
[White "Robson, Ray"]
[Black "Janaszak, Dawid"]
[WhiteFideId "2023970"]
[BlackFideId "1119206"]
[WhiteElo "2951"]
[BlackElo "2536"]
[Result "1-0"]
[Round "03"]
[TimeControl "180+1"]
[Date "2022.11.23"]
[WhiteClock "0:00:12"]
[BlackClock "0:00:04"]

1. e4 c5 2. Nf3 Nc6 3. Bb5 g6 4. Bxc6 bxc6 5. d4 Bg7 6. dxc5 Qa5+ 7. Nbd2 Qxc5 8. O-O Nf6 9. a3 O-O 10. b4 Qh5 11. Bb2 a5 12. h3 Rb8 13. Bc3 axb4 14. axb4 d6 15. Ra5 Rb5 16. Ra7 Bxh3 17. Nd4 Ng4 18. Nxb5 Bxg2 19. Kxg2 Qh2+ 20. Kf3 Qh3+ 21. Ke2 cxb5 22. Bxg7 Kxg7 23. Nf3 Nf6 24. Rxe7 Qg4 25. Rg1 Qf4 26. Qd2 Nh5 27. Qxf4 Nxf4+ 28. Ke3 1-0


[Site "https://www.chess.com"]

[Event "Titled Tuesday Blitz November 22 Late 2022"]
[White "Rodriguez Santiago, Jaime"]
[Black "Papp, Levente"]
[WhiteFideId "3100898"]
[BlackFideId "751243"]
[WhiteElo "2025"]
[BlackElo "2380"]
[Result "1-0"]
[Round "03"]
[TimeControl "180+1"]
[Date "2022.11.23"]
[WhiteClock "0:01:23"]
[BlackClock "0:00:03"]

1. c4 c6 2. d4 d5 3. cxd5 cxd5 4. Bf4 Nc6 5. e3 Bf5 6. Nc3 e6 7. Qb3 Qd7 8. Nf3 a6 9. Na4 Bb4+ 10. Kd1 b5 11. Nb6 Qe7 12. Nxa8 Na5 13. Nc7+ Kf8 14. Nxd5 exd5 15. Qxd5 g6 16. a3 Nf6 17. Bh6+ Ke8 18. Qa8+ Kd7 19. Qxa6 Rc8 20. Bxb5+ Kd8 21. Qb6+ Rc7 22. Bf4 Nd5 23. Bxc7+ Nxc7 24. Rc1 1-0


[Site "https://www.chess.com"]

[Event "Titled Tuesday Blitz November 22 Late 2022"]
[White "Romanchuk, Viktor"]
[Black "Remolar Gallen, Jose"]
[WhiteFideId "14109271"]
[BlackFideId "2215187"]
[WhiteElo "2639"]
[BlackElo "2422"]
[Result "0-1"]
[Round "03"]
[TimeControl "180+1"]
[Date "2022.11.23"]
[WhiteClock "0:00:38"]
[BlackClock "0:00:25"]

1. d4 Nf6 2. c4 g6 3. Nc3 Bg7 4. Nf3 O-O 5. g3 d6 6. Bg2 Nc6 7. O-O a6 8. Qd3 Bf5 9. e4 Bg4 10. Ne1 e5 11. d5 Nd4 12. f3 Bd7 13. Nc2 c5 14. dxc6 bxc6 15. Nxd4 exd4 16. Qxd4 Ng4 17. Qxd6 Be5 18. Qd2 Nxh2 19. f4 Nxf1 20. Bxf1 Qb6+ 21. Kg2 Rad8 22. Qc2 Bg7 23. Bd2 Be6 24. Be1 Rb8 25. b3 Rfe8 26. Rc1 Qc5 27. Bf2 Qh5 28. Be2 Qh3+ 29. Kg1 Rbd8 30. Bf1 Qh5 31. Qe2 Bg4 32. Qe3 Bd4 33. Qxd4 Rxd4 34. Bxd4 Bf3 35. Bg2 Qg4 36. Kf2 Bxg2 37. Kxg2 Rd8 38. Be3 Rd3 39. Kf2 Rxe3 40. Kxe3 Qxg3+ 41. Kd4 Qxf4 42. Rc2 h5 43. b4 h4 44. a4 Qd6+ 45. Ke3 Qxb4 0-1


[Site "https://www.chess.com"]

[Event "Titled Tuesday Blitz November 22 Late 2022"]
[White "Roque Sola, Jose Luis"]
[Black "Prydun, Andriy"]
[WhiteFideId "5120390"]
[BlackFideId "14145898"]
[WhiteElo "2117"]
[BlackElo "2163"]
[Result "1/2-1/2"]
[Round "03"]
[TimeControl "180+1"]
[Date "2022.11.23"]
[WhiteClock "0:00:07"]
[BlackClock "0:00:11"]

1. c4 Nf6 2. Nc3 c5 3. Nf3 Nc6 4. g3 e5 5. Bg2 Be7 6. O-O O-O 7. d3 d6 8. a3 Be6 9. Ng5 Bd7 10. Rb1 a5 11. Nge4 Nxe4 12. dxe4 Re8 13. Nd5 Bf8 14. b4 axb4 15. axb4 cxb4 16. Nxb4 Nxb4 17. Rxb4 d5 18. Rxb7 Bc6 19. Rb2 dxe4 20. Rd2 Qb6 21. Bb2 Bc5 22. e3 f6 23. Qc2 Qb7 24. Rfd1 Ra2 25. Qb1 Qb3 26. Bxe4 Bxe4 27. Qxe4 Rxb2 28. Qd5+ Kh8 29. Rxb2 Qxb2 30. Qxc5 h6 31. Qc6 Rb8 32. c5 Qc2 33. Rd7 Rb2 34. Qa8+ Kh7 35. Qf3 Qxc5 36. Qf5+ Kg8 37. Qe6+ Kh8 38. Rd8+ Kh7 39. Qg8+ Kg6 40. Qe8+ Kh7 41. Qg8+ Kg6 42. Qe8+ Kh7 43. Qg8+ 1/2-1/2


[Site "https://www.chess.com"]

[Event "Titled Tuesday Blitz November 22 Late 2022"]
[White "Rubio Tent, Francisco"]
[Black "Torres Dominguez, David"]
[WhiteFideId "2238233"]
[BlackFideId "2220857"]
[WhiteElo "2211"]
[BlackElo "2037"]
[Result "1-0"]
[Round "03"]
[TimeControl "180+1"]
[Date "2022.11.23"]
[WhiteClock "0:00:05"]
[BlackClock "0:00:10"]

1. e4 Nc6 2. Nf3 e5 3. Bc4 Bc5 4. b4 Bxb4 5. c3 Be7 6. d4 Nf6 7. O-O d6 8. Re1 Bg4 9. Nbd2 exd4 10. cxd4 Nxd4 11. Qa4+ Nc6 12. e5 dxe5 13. Nxe5 O-O 14. Nxc6 bxc6 15. Nf1 h6 16. Bb2 Bd6 17. Ne3 Bd7 18. Rad1 Nd5 19. Qc2 Qh4 20. g3 Nxe3 21. Rxe3 Qh5 22. Qc3 Qg6 23. Bd3 Qg5 24. h4 Qf6 25. Qc1 Qd8 26. Bb1 Rb8 27. Qc2 f5 28. Qc3 Rf7 29. Bc2 Rxb2 30. Qxb2 Re7 31. Bb3+ Kh7 32. Rxe7 Qxe7 33. Qd2 Bc8 34. Re1 Qf6 35. Re8 Bd7 36. Re1 Bc8 37. Qd3 1-0


[Site "https://www.chess.com"]

[Event "Titled Tuesday Blitz November 22 Late 2022"]
[White "Rustemov, Alexander"]
[Black "Gurevich, Dmitry"]
[WhiteFideId "4119002"]
[BlackFideId "2000407"]
[WhiteElo "2870"]
[BlackElo "2506"]
[Result "1-0"]
[Round "03"]
[TimeControl "180+1"]
[Date "2022.11.22"]
[WhiteClock "0:01:56"]
[BlackClock "0:00:05"]

1. Nf3 Nf6 2. c4 e6 3. Nc3 d5 4. d4 Be7 5. Bg5 h6 6. Bxf6 Bxf6 7. e3 O-O 8. Rc1 b6 9. cxd5 exd5 10. b4 c6 11. Bd3 Re8 12. O-O Nd7 13. a4 Nf8 14. b5 Bb7 15. bxc6 Bxc6 16. Bb5 Bb7 17. Bxe8 Qxe8 18. Nb5 Qd8 19. Ne5 Bxe5 20. dxe5 Ne6 21. Nd6 Ba6 22. Re1 Nc5 23. Qxd5 Qf8 24. Red1 Rd8 25. a5 Bb7 26. Qc4 Ba8 27. axb6 axb6 28. f3 Rd7 29. Rb1 Qe7 30. Rxb6 Qxe5 31. Qd4 1-0


[Site "https://www.chess.com"]

[Event "Titled Tuesday Blitz November 22 Late 2022"]
[White "Sailer, Mike"]
[Black "Omariev, Maksim"]
[WhiteFideId "2012901"]
[BlackFideId "4193423"]
[WhiteElo "2109"]
[BlackElo "2413"]
[Result "1-0"]
[Round "03"]
[TimeControl "180+1"]
[Date "2022.11.23"]
[WhiteClock "0:00:19"]
[BlackClock "0:00:12"]

1. Nf3 d5 2. c4 c6 3. g3 Nf6 4. Bg2 Bf5 5. O-O e6 6. d3 h6 7. Qb3 Qb6 8. Be3 Qxb3 9. axb3 a6 10. Nc3 Nbd7 11. Na4 Be7 12. Bf4 O-O 13. Ne5 Rfe8 14. Nxd7 Nxd7 15. h4 e5 16. Bd2 Be6 17. e4 dxe4 18. dxe4 Nc5 19. Nxc5 Bxc5 20. Bc3 f6 21. Rad1 Rad8 22. Bf3 b5 23. b4 Be7 24. c5 a5 25. bxa5 Bxc5 26. Rxd8 Rxd8 27. Rd1 Rxd1+ 28. Bxd1 b4 29. Bd2 Kf7 30. Ba4 Bd7 31. Bb3+ Ke7 32. Bc4 Kd6 33. Kf1 Kc7 34. Ke2 Kb7 35. Be3 Bxe3 36. Kxe3 Kc7 37. f4 Kd6 38. Kd3 Kc5 39. f5 Be8 40. g4 Bd7 41. h5 Bc8 42. b3 Bb7 43. Ke3 Kd6 44. Kd3 Kc5 45. Ke3 Bc8 46. Kd3 Kd6 47. Ke3 Kc7 48. Kd3 Bd7 49. Be6 Be8 50. Kc4 Kb7 51. Kxb4 Ka6 52. Bc8+ Ka7 53. Kc5 Bf7 54. b4 Bb3 55. Kxc6 Bc2 56. b5 Bxe4+ 57. Kc7 Bf3 58. b6+ Ka8 59. b7+ Bxb7 60. Bxb7+ Ka7 61. a6 e4 62. Bxe4 Kxa6 63. Kd7 Kb6 64. Ke7 Kc5 65. Kf7 Kd4 66. Bc2 Ke5 67. Kxg7 Kf4 68. Bd1 Kg5 69. Kf7 Kh4 70. Kxf6 Kg3 71. Kg6 Kf4 72. f6 Ke5 73. f7 Ke6 74. f8=Q Kd7 75. Qf6 Ke8 76. Kxh6 Kd7 77. Kg6 Ke8 78. h6 Kd7 79. h7 Ke8 80. h8=Q+ Kd7 81. Qhd8# 1-0


[Site "https://www.chess.com"]

[Event "Titled Tuesday Blitz November 22 Late 2022"]
[White "Samarth, J Rao"]
[Black "Bilan, Danila"]
[WhiteFideId "46652370"]
[BlackFideId "24161918"]
[WhiteElo "1564"]
[BlackElo "2173"]
[Result "1-0"]
[Round "03"]
[TimeControl "180+1"]
[Date "2022.11.23"]
[WhiteClock "0:00:08"]
[BlackClock "0:00:06"]

1. c4 c6 2. e4 d5 3. exd5 cxd5 4. cxd5 Nf6 5. Qa4+ Nbd7 6. Nc3 g6 7. Nf3 Bg7 8. Bc4 O-O 9. d3 a6 10. Qa3 Nb6 11. Qb3 Bf5 12. Be3 Nxc4 13. dxc4 b5 14. cxb5 axb5 15. Nd4 Bd3 16. Ncxb5 Be4 17. d6 Bxg2 18. Rg1 Bd5 19. Qb4 exd6 20. Qxd6 Qa5+ 21. b4 Qd8 22. Qxd8 Rfxd8 23. a4 Ne4 24. a5 Bc4 25. O-O-O Rac8 26. Kb1 Bxd4 27. Nxd4 Nc3+ 28. Kb2 Nxd1+ 29. Rxd1 f5 30. Bg5 Rd5 31. f4 Kf7 32. Bh4 Rb8 33. Kc3 Rc8 34. Kb2 Rb8 35. Ka3 Rc8 36. Bf2 Ba6 37. Kb3 Bc4+ 38. Ka4 h6 39. Rg1 Kf6 40. h4 Rcd8 41. Rd1 g5 42. hxg5+ hxg5 43. fxg5+ Kxg5 44. Rg1+ Kf6 45. Bh4+ Ke5 46. Nc6+ Ke4 47. Nxd8 Bb5+ 48. Kb3 f4 49. Ne6 f3 50. Nc5+ Ke3 51. Re1+ Be2 52. Bg5+ Kf2 53. Bh4+ Kg2 54. Kc3 Rh5 55. Rxe2+ fxe2 56. Be1 Kf1 57. Nd3 Rd5 58. Bd2 Re5 59. Nxe5 e1=Q 60. Bxe1 Kxe1 61. b5 1-0


[Site "https://www.chess.com"]

[Event "Titled Tuesday Blitz November 22 Late 2022"]
[White "Santos Flores, Alberto"]
[Black "Rose, Felix"]
[WhiteFideId "3601234"]
[BlackFideId "5105722"]
[WhiteElo "2235"]
[BlackElo "2039"]
[Result "1-0"]
[Round "03"]
[TimeControl "180+1"]
[Date "2022.11.23"]
[WhiteClock "0:00:52"]
[BlackClock "0:00:58"]

1. d4 d5 2. Nf3 Nf6 3. c4 e6 4. Nc3 Be7 5. Bf4 O-O 6. e3 b6 7. cxd5 Nxd5 8. Nxd5 Qxd5 9. Bxc7 Bb4+ 10. Nd2 Nc6 11. a3 Bxd2+ 12. Qxd2 Bb7 13. Bg3 Rac8 14. f3 Rfd8 15. Bf2 f5 16. Bd3 Na5 17. Qe2 g6 18. O-O Qd7 19. b4 Nc6 20. Rfd1 Ne7 21. e4 Rc3 22. Rdc1 Rdc8 23. Qd2 Rxc1+ 24. Rxc1 Rxc1+ 25. Qxc1 fxe4 26. fxe4 a5 27. bxa5 bxa5 28. Qc5 a4 29. Bb5 Bc6 30. Bxc6 Qxc6 31. Qxc6 Nxc6 32. Kf1 Na5 33. Be1 Nc4 34. Bb4 Nd2+ 35. Bxd2 1-0


[Site "https://www.chess.com"]

[Event "Titled Tuesday Blitz November 22 Late 2022"]
[White "Sarana, Alexey"]
[Black "Cardoso Cardoso, Jose Gabriel"]
[WhiteFideId "24133795"]
[BlackFideId "4430492"]
[WhiteElo "2708"]
[BlackElo "2484"]
[Result "0-1"]
[Round "03"]
[TimeControl "180+1"]
[Date "2022.11.22"]
[WhiteClock "0:00:23"]
[BlackClock "0:00:03"]

1. d4 d5 2. c4 dxc4 3. Nf3 Nf6 4. e3 e6 5. Bxc4 a6 6. O-O c5 7. Nc3 b5 8. Bb3 Nbd7 9. e4 cxd4 10. Nxd4 Nc5 11. e5 Nfd7 12. Bf4 Bb7 13. Bc2 Nb6 14. b4 Ncd7 15. a3 Be7 16. Qg4 g6 17. Rad1 h5 18. Qg3 g5 19. Bc1 Qc7 20. Rfe1 g4 21. Be4 h4 22. Qe3 Nc4 23. Qe2 Rc8 24. Bxb7 Qxb7 25. Qxg4 Ncxe5 26. Rxe5 Nxe5 27. Qg7 Ng6 28. Nxe6 h3 29. Nd5 Qxd5 30. Qxh8+ Nxh8 31. Ng7+ Kf8 32. Rxd5 Rxc1+ 0-1


[Site "https://www.chess.com"]

[Event "Titled Tuesday Blitz November 22 Late 2022"]
[White "Schmidt, Harald"]
[Black "Danielyan, Vahe"]
[WhiteFideId "4648358"]
[BlackFideId "13304828"]
[WhiteElo "2290"]
[BlackElo "2423"]
[Result "1-0"]
[Round "03"]
[TimeControl "180+1"]
[Date "2022.11.23"]
[WhiteClock "0:00:32"]
[BlackClock "0:01:10"]

1. e4 e6 2. Ne2 c5 3. d4 cxd4 4. Nxd4 Nf6 5. Bd3 Nc6 6. Be3 d6 7. O-O Be7 8. h3 O-O 9. c3 Bd7 10. Nd2 a6 11. Kh1 b5 12. f4 e5 13. Nf5 Bxf5 14. exf5 d5 15. fxe5 Nxe5 16. Bc2 Bd6 17. Bd4 Re8 18. Nf3 Nc4 19. Qc1 h6 20. b3 Ne5 21. Nxe5 Bxe5 22. Qd1 Qd6 23. Qd3 Bxd4 24. Qxd4 Re2 25. Bd3 Rd2 26. Qe3 Rb2 27. Qc1 Qg3 28. Qxb2 Qxd3 29. Rad1 Qg3 30. Rf3 Qg5 31. Qd2 Qh5 32. Qf2 Rc8 33. Rd4 Ne4 34. Qe1 Nf6 35. g4 Nxg4 36. Rxg4 d4 37. Qe5 g5 38. Qxd4 Re8 39. Re3 Rc8 40. Kg2 a5 41. Rge4 Kh7 42. Re8 Rxe8 43. Rxe8 Qe2+ 44. Rxe2 1-0


[Site "https://www.chess.com"]

[Event "Titled Tuesday Blitz November 22 Late 2022"]
[White "Silva, Caio Henrique Angelico"]
[Black "Acosta Cruz, Oscar Yosimar"]
[WhiteFideId "22777210"]
[BlackFideId "5111269"]
[WhiteElo "1990"]
[BlackElo "2147"]
[Result "1-0"]
[Round "03"]
[TimeControl "180+1"]
[Date "2022.11.23"]
[WhiteClock "0:00:46"]
[BlackClock "0:00:44"]

1. Nf3 g6 2. g3 Bg7 3. Bg2 Nf6 4. O-O O-O 5. d4 d5 6. c4 c6 7. b3 h6 8. Bb2 Be6 9. Nbd2 Qd7 10. Ne5 Qc8 11. Rc1 Bh3 12. cxd5 Bxg2 13. Kxg2 Nxd5 14. e4 Nb6 15. Qe2 N8d7 16. Rfd1 Nxe5 17. dxe5 Qe6 18. f4 Rad8 19. Nf3 c5 20. Rxc5 Rxd1 21. Qxd1 Re8 22. Rc2 Bf8 23. Qd3 Qg4 24. h3 Qe6 25. f5 Qd7 26. Qxd7 Nxd7 27. Rc7 Rd8 28. Rxb7 a6 29. b4 e6 30. g4 gxf5 31. exf5 h5 32. a4 Kg7 33. b5 axb5 34. axb5 Nc5 35. Ra7 Rb8 36. Bd4 exf5 37. gxf5 Rxb5 38. e6+ 1-0


[Site "https://www.chess.com"]